 Dungeon Crawl Stone Soup version 0.18.1-8-gdd0e5ea (webtiles) character file.

22967 tyvek the Impaler (level 13, -2/105 HPs)
             Began as a Merfolk Skald on May 23, 2016.
             Was the Champion of Okawaru.
             Slain by a wolf (4 damage)
             ... in an ice cave.
             The game lasted 01:02:47 (16598 turns).

tyvek the Impaler (Merfolk Skald)                  Turns: 16598, Time: 01:02:48

Health: -2/105     AC:  9    Str: 15    XL:     13   Next: 3%
Magic:  4/16       EV: 23    Int: 12    God:    Okawaru [******]
Gold:   598        SH:  0    Dex: 13    Spells: 5 memorised, 5 levels left

rFire  + . .     SeeInvis +     a - +2 halberd of Conversion {pain, rF+ Str-2 SInv}
rCold  + . .     Gourm    +     K - +2 leather armour {rF+}
rNeg   . . .     Faith    .     (shield currently unavailable)
rPois  +         Spirit   .     k - +0 helmet
rElec  .         Dismiss  .     m - +1 cloak {rPois}
rCorr  .         Reflect  .     c - +0 pair of gloves
SustAt .         Harm     .     (no boots)
MR     .....                    J - amulet of the gourmand {Gourm, !d}
Stlth  +.........               o - +5 ring of evasion
                                z - ring of ice {rC+, rF-}

@: not resistant to hostile enchantments, very unstealthy
A: change form in water, swift swim
a: Heroism, Finesse, Renounce Religion


You were in an ice cave.
You worshipped Okawaru.
Okawaru was exalted by your worship.
You were very full.

You visited 3 branches of the dungeon, and saw 14 of its levels.
You also visited: Ice Cave and Volcano.

You collected 778 gold pieces.
You spent 180 gold pieces at shops.

Inventory:

Hand Weapons
 a - the +2 halberd of Conversion (weapon) {pain, rF+ Str-2 SInv}
   (You bought it in a shop on level 7 of the Dungeon)

   In the hands of one skilled in necromantic magic, it inflicts extra damage on
   living creatures.
   It affects your strength (-2).
   It protects you from fire.
   It lets you see invisible.
 b - a +4 glaive of flaming
   (You found it in a volcano)
Missiles
 y - 5 throwing nets (quivered) {=f, !d}
Armour
 c - a +0 pair of gloves (worn)
   (You found it on level 5 of the Dungeon)
 k - a +0 helmet (worn)
   (You found it on level 2 of the Dungeon)
 m - a +1 cloak of poison resistance (worn)
   (Okawaru gifted it to you in a volcano)
 K - a +2 leather armour of fire resistance (worn)
   (You took it off an orc wizard on level 10 of the Dungeon)
 M - a +0 cloak of fire resistance
   (You found it in a volcano)
 R - a +0 cloak of cold resistance
   (You found it in an ice cave)
Jewellery
 f - an uncursed ring of magical power {MP+9}
   (You found it on level 1 of the Dungeon)
 n - an uncursed ring of see invisible {sInv, !d}
   (You found it on level 1 of the Dungeon)
 o - a +5 ring of evasion (right hand)
   (You found it on level 2 of the Dungeon)
 z - a ring of ice (left hand) {rC+, rF-}
   (You found it on level 3 of the Dungeon)
 J - an amulet of the gourmand (around neck) {Gourm, !d}
   (You found it on level 10 of the Dungeon)
Wands
 j - a wand of iceblast (5/15)
   (You found it in a volcano)
 s - a wand of acid (8/15)
   (You found it on level 9 of the Dungeon)
 t - a wand of polymorph (6/24)
   (You took it off Crazy Yiuf on level 6 of the Dungeon)
 D - a wand of digging (12/24)
   (You found it on level 1 of the Lair of Beasts)
 E - a wand of disintegration (24/24)
   (You found it on level 7 of the Dungeon)
 I - a wand of acid (8/15)
   (You found it on level 1 of the Lair of Beasts)
Scrolls
 e - 2 scrolls of fear
 h - 2 scrolls of enchant armour
 p - a scroll of remove curse
 r - 4 scrolls of teleportation
 u - 4 scrolls of magic mapping {!r}
 x - 4 scrolls of amnesia
Potions
 i - a potion of mutation {!q}
 l - 4 potions of curing
 q - 3 potions of ambrosia
 v - a potion of brilliance
 w - 2 potions of cure mutation {!q}
 B - a potion of haste {unknown}
 F - 2 potions of lignification {!q}
 H - a potion of magic {unknown}
 L - 3 potions of resistance
 N - a potion of might {unknown}
 P - 3 potions of flight {unknown}
 Q - a potion of beneficial mutation {unknown}
Books
 O - a book of Party Tricks
   (You found it on level 3 of the Lair of Beasts)
Comestibles
 d - 11 bread rations {@e1}
 g - a slice of pizza
 A - 3 royal jellies
 C - 7 beef jerkies
 G - 3 meat rations {@e2}


   Skills:
 + Level 10.9 Fighting
 - Level 16.2 Polearms
 - Level 0.6 Armour
 + Level 12.5 Dodging
   Level 4.2 Shields
 - Level 2.0 Spellcasting
 + Level 5.2 Hexes
 + Level 10.1 Charms
 - Level 1.4 Necromancy


You had 5 spell levels left.
You knew the following spells:

 Your Spells              Type           Power        Failure   Level  Hunger
a - Infusion              Chrm           ####         1%          1    ##.....
r - Regeneration          Chrm/Necr      ###.......   12%         3    ####...
s - Shroud of Golubria    Chrm/Tloc      ##........   8%          2    ###....
z - Spectral Weapon       Hex/Chrm       ###.....     4%          3    ####...
S - Song of Slaying       Chrm           ####....     1%          2    ###....


Dungeon Overview and Level Annotations

Branches:
Dungeon (10/15)            Temple (1/1) D:4            Lair (3/8) D:9
  Swamp: Lair:3-6    Shoals: Lair:3-6     Snake: Lair:3-6    Spider: Lair:3-6
    Orc: D:9-12

Altars:
Ashenzari
Cheibriados
Dithmenos
Elyvilon
Fedhas
Gozag
Kikubaaqudgha
Makhleb
Nemelex Xobeh
Okawaru
Pakellas
Qazlal
Ru
Sif Muna
Trog
Vehumet
Xom
Yredelemnul
Zin
The Shining One

Shops:
D:7 (

Annotations:
D:8 ztj1141998's ghost, novice MiFi


Message History

You closely miss the wolf.
Your spectral weapon barely misses the wolf.
The wolf completely misses you. The wolf bites you but does no damage.
You closely miss the wolf.
Your spectral weapon hits the wolf!
You kill the wolf!
Okawaru accepts your kill. The wolf closely misses you.
The frost giant casts a spell at you. The bolt of cold hits you! You resist.
The bolt of cold hits your spectral weapon.
Your spectral weapon resists.
Your spectral weapon shares its damage with you!
You take 24 damage, and have 71/99 hp.
MASSIVE DAMAGE!!
You slash the frost giant!
The frost giant writhes in agony.
Your skin stops crawling.
Your spectral weapon hits the frost giant from afar!
The wolf bites you but does no damage.
You impale the frost giant!!
Your spectral weapon hits the frost giant from afar.
The frost giant writhes in agony.
The wolf completely misses you. The frost giant casts a spell at you.
The bolt of cold hits you! You resist.
The bolt of cold hits your spectral weapon.
Your spectral weapon resists.
Your spectral weapon shares its damage with you!
Your spectral weapon fades away.
The wolf closely misses you.
You take 24 damage, and have 47/99 hp.
MASSIVE DAMAGE!!
You draw out your weapon's spirit!
The wolf completely misses you. The frost giant closely misses you.
The frost giant hits your spectral weapon with a battleaxe of freezing!
Your spectral weapon shares its damage with you!
The frost giant freezes your spectral weapon.
Your spectral weapon fades away.
You take 7 damage, and have 40/99 hp.
You now have 5/15 mp.
You slash the frost giant!
The frost giant writhes in agony.
The wolf misses you.
You slash the frost giant! The wolf barely misses you.
The frost giant hits you with a battleaxe of freezing!!
* * * LOW HITPOINT WARNING * * *
The frost giant freezes you.
* * * LOW HITPOINT WARNING * * *
The wolf completely misses you.
You take 20 damage, and have 20/99 hp.
MASSIVE DAMAGE!!
Drink which item? (? for menu, Esc to quit)
You feel better. The wolf completely misses you.
The frost giant hits you but does no damage.
You regained 5 hp, and now have 25/99 hp.
You slash the frost giant!
The frost giant writhes in agony.
The wolf completely misses you. The wolf barely misses you.
You slash the frost giant!
You kill the frost giant!
Okawaru is honoured by your kill. Something appears at your feet!
Okawaru grants you a gift!
Your Hexes skill increases to level 5!
Your Charms skill increases to level 10!
You have reached level 13!
The wolf bites you.
* * * LOW HITPOINT WARNING * * *
The wolf misses you.
You take 4 damage, and have 21/105 hp.
Your skin crawls.
The wolf completely misses you. The wolf misses you.
You now have 2/16 mp.
You barely miss the wolf.
The wolf barely misses you. x2; The wolf bites you!
* * * LOW HITPOINT WARNING * * *
The wolf completely misses you.
You take 9 damage, and have 13/105 hp.
The wolf completely misses you. The wolf misses you.
Your skin is crawling a little less now.
The wolf completely misses you. The wolf bites you.
* * * LOW HITPOINT WARNING * * *
You take 4 damage, and have 11/105 hp.
The wolf bites you but does no damage.
Drink which item? (? for menu, Esc to quit)
You feel better.
The wolf closely misses you. x2; The wolf misses you.
You regained 7 hp, and now have 19/105 hp.
The wolf barely misses you. The wolf completely misses you.
You regained 2 hp, and now have 21/105 hp.
The wolf bites you.
* * * LOW HITPOINT WARNING * * *
The wolf closely misses you.
You take 5 damage, and have 16/105 hp.
Your skin stops crawling.
The wolf misses you.
The rock shatters into small pieces.
Evoking this partially-identified wand wasted a few charges.
The wolf bites you.
* * * LOW HITPOINT WARNING * * *
The wolf barely misses you. The yak completely misses you. The wolf bites you.
* * * LOW HITPOINT WARNING * * *
Your magical contamination has completely faded away.
You take 6 damage, and have 10/105 hp.
The wolf bites you!
* * * LOW HITPOINT WARNING * * *
The wolf misses you. The wolf closely misses you. The wolf bites you.
You die...

### ##.######
###..≈≈≈#≈# ####
##...#≈≈≈≈≈###...##
#
#.#.##.≈≈≈≈.@Y....#
##
##..#####≈≈##hh....#
.###..##
#≈≈##Yh###..#
..##.##
#≈≈#.....##..#
#.#..# #≈≈#......# #
#..#.# #≈≈#......##
###.## #≈≈#.......#
## ≈≈#..#.)..#
#†)#.).##


You could see a polar bear, 2 yaks and 2 wolves.

Vanquished Creatures
  A frost giant (IceCv)
  Harold (Lair:3)
  Erolcha (D:8)
  Pikel (D:4)
  A lindwurm (Volcano)
  Maurice (D:8)
  3 elephants (Lair:2)
  2 black mambas
  4 spiny frogs
  3 komodo dragons
  2 trolls
  8 polar bears (IceCv)
  A two-headed ogre (D:10)
  A slime creature (D:8)
  7 fire bats (Volcano)
  2 wyverns
  8 yaks
  Eustachio (D:6)
  A basilisk (Lair:1)
  A hippogriff (Lair:2)
  Menkaure (D:6)
  A hungry ghost (D:9)
  2 mottled dragons
  Edmund (D:4)
  5 water moccasins
  A hell hound (Volcano)
  8 orc warriors
  A black bear (D:9)
  7 porcupines
  3 ice beasts
  A slave (D:4)
  2 sky beasts
  5 phantoms
  3 necrophages
  5 ogres
  5 centaurs
  5 crocodiles
  5 wolves (IceCv)
  A big kobold (D:10)
  9 giant frogs
  A gnoll sergeant (D:9)
  2 wyvern skeletons
  4 scorpions
  A water moccasin skeleton (D:7)
  14 killer bees
  4 howler monkeys
  A lava snake (Volcano)
  2 centaur zombies
  A quasit (D:8)
  13 hounds
  3 jellies
  Crazy Yiuf (D:6)
  4 orc priests
  3 centaur skeletons
  A giant frog skeleton (D:7)
  7 orc wizards
  15 iguanas
  6 worker ants
  11 sheep
  A hound zombie (D:6)
  2 worker ant zombies
  Robin (D:4)
  15 gnolls
  A howler monkey skeleton (D:4)
  10 adders
  33 river rats
  12 white imps (Lair:3)
  2 oozes
  An adder zombie (D:8)
  A dart slug (D:2)
  5 worms
  8 giant geckos
  23 orcs
  6 bats
  A giant cockroach (D:1)
  9 goblins
  14 hobgoblins
  7 jackals
  3 quokkas
  4 ball pythons
  2 giant gecko skeletons
  8 giant newts
  A jackal skeleton (D:5)
  5 kobolds
  4 rats
394 creatures vanquished.

Vanquished Creatures (others)
  A slave (D:4)
  A fungus (Lair:2)
  4 spectral weapons
6 creatures vanquished.

Grand Total: 400 creatures vanquished

Notes
Turn   | Place    | Note
--------------------------------------------------------------
     0 | D:1      | tyvek the Merfolk Skald began the quest for the Orb.
     0 | D:1      | Reached XP level 1. HP: 16/16 MP: 3/3
   218 | D:1      | Reached XP level 2. HP: 23/23 MP: 5/5
   262 | D:1      | Reached skill level 2 in Dodging
   323 | D:1      | Reached skill level 4 in Polearms
   588 | D:1      | Reached XP level 3. HP: 22/28 MP: 6/6
  1009 | D:2      | Found a shadowy altar of Dithmenos.
  1338 | D:2      | Reached skill level 5 in Polearms
  1696 | D:2      | Reached XP level 4. HP: 34/34 MP: 7/7
  1700 | D:2      | Learned a level 2 spell: Song of Slaying
  1703 | D:2      | Learned a level 2 spell: Shroud of Golubria
  2007 | D:3      | Found a white marble altar of Elyvilon.
  2108 | D:3      | Found a glowing golden altar of the Shining One.
  2144 | D:3      | Talea: Tyvek the Poker
  2145 | D:3      | tyvek: :( i hate MfSk
  2145 | D:3      | tyvek: but love it
  2147 | D:3      | Talea: I get that
  2151 | D:3      | tyvek: one day I'll win with it. it's my fav
  2163 | D:3      | Talea: I've been trying it. It's pretty awesome. But I always die horribly.
  2169 | D:3      | tyvek: i've found playing it like a gladiator helps the start
  2169 | D:3      | tyvek: literaly ignore spells till you have no problem killing stuff
  2221 | D:3      | Reached skill level 3 in Fighting
  2226 | D:3      | Reached skill level 3 in Dodging
  2464 | D:4      | Reached skill level 1 in Shields
  2464 | D:4      | Reached XP level 5. HP: 41/41 MP: 8/8
  2622 | D:4      | Noticed Robin
  2642 | D:4      | Noticed Edmund
  2642 | D:4      | Killed Robin
  2642 | D:4      | Reached skill level 6 in Polearms
  2658 | D:4      | Killed Edmund
  2658 | D:4      | Reached skill level 2 in Shields
  2658 | D:4      | Reached XP level 6. HP: 40/48 MP: 9/9
  2784 | D:4      | Found a staircase to the Ecumenical Temple.
  2798 | Temple   | Entered the Ecumenical Temple
  2884 | D:4      | Found a snail-covered altar of Cheibriados.
  2913 | D:4      | Reached skill level 4 in Fighting
  2920 | D:4      | tyvek: also I'm dumb
  2920 | D:4      | tyvek: and didn't realize song of slaying is literally a slaying bonus
  2920 | D:4      | Talea: Yes!!
  2920 | D:4      | Talea: It's super good
  2920 | D:4      | Talea: for groups
  2923 | D:4      | tyvek: ^
  2927 | D:4      | Learned a level 3 spell: Regeneration
  3033 | D:4      | Reached skill level 7 in Polearms
  3033 | D:4      | Reached skill level 4 in Dodging
  3314 | D:4      | Reached XP level 7. HP: 53/54 MP: 10/10
  3506 | D:4      | Noticed Pikel
  3546 | D:4      | Killed Pikel
  3546 | D:4      | Reached skill level 5 in Fighting
  3546 | D:4      | Reached skill level 8 in Polearms
  3546 | D:4      | Reached skill level 5 in Dodging
  3546 | D:4      | Reached skill level 3 in Shields
  3546 | D:4      | Reached XP level 8. HP: 27/62 MP: 6/11
  3871 | D:4      | Learned a level 3 spell: Spectral Weapon
  3941 | D:4      | Reached skill level 9 in Polearms
  4370 | D:4      | Found a burning altar of Makhleb.
  4526 | D:5      | Entered Level 5 of the Dungeon
  4542 | D:5      | Found an iron altar of Okawaru.
  4545 | D:5      | Became a worshipper of Warmaster Okawaru
  4590 | D:5      | Reached skill level 4 in Shields
  5065 | D:5      | Reached skill level 10 in Polearms
  5127 | D:5      | Found a sparkling altar of Nemelex Xobeh.
  5377 | D:5      | Reached * piety under Okawaru
  5377 | D:5      | Reached skill level 6 in Dodging
  5615 | D:6      | Reached XP level 9. HP: 66/68 MP: 12/12
  5716 | D:6      | Reached skill level 6 in Fighting
  5727 | D:6      | Reached skill level 11 in Polearms
  5727 | D:6      | Reached skill level 4 in Charms
  5803 | D:6      | Noticed Eustachio
  6134 | D:6      | Noticed Menkaure
  6144 | D:6      | HP: 13/69 [Menkaure (19)]
  6151 | D:6      | HP: 13/69 [??? (10)]
  6154 | D:6      | Killed Menkaure
  6154 | D:6      | Reached skill level 7 in Dodging
  6531 | D:6      | Noticed Crazy Yiuf
  6543 | D:6      | Killed Crazy Yiuf
  6639 | D:6      | Killed Eustachio
  6639 | D:6      | Reached ** piety under Okawaru
  7155 | D:7      | Got a brightly glowing quarterstaff
  7156 | D:7      | Identified the +9 quarterstaff of the Swamp {drain, Str+2} (You found it on level 7 of the Dungeon)
  7284 | D:7      | Found Mino's Antique Weapon Emporium.
  7291 | D:7      | Reached skill level 12 in Polearms
  7291 | D:7      | Reached skill level 5 in Charms
  7302 | D:7      | Bought a scorched halberd for 180 gold pieces
  7302 | D:7      | Identified the +2 halberd of Conversion {pain, rF+ Str-2 SInv} (You bought it in a shop on level 7 of the Dungeon)
  7510 | D:7      | Reached skill level 7 in Fighting
  7510 | D:7      | Reached skill level 8 in Dodging
  7510 | D:7      | Reached XP level 10. HP: 72/79 MP: 13/13
  7598 | D:7      | Found a deep blue altar of Sif Muna.
  7606 | D:7      | Found a glowing silver altar of Zin.
  7875 | D:8      | Noticed Erolcha
  7887 | D:8      | Killed Erolcha
  7887 | D:8      | Reached skill level 13 in Polearms
  7895 | D:8      | Reached *** piety under Okawaru
  7906 | D:8      | Noticed ztj1141998's ghost (novice MiFi)
  7916 | D:8      | HP: 8/79 [ztj1141998's ghost (16)]
  7921 | D:8      | HP: 3/79 [ztj1141998's ghost (6)]
  8269 | D:8      | Reached skill level 6 in Charms
  8592 | D:8      | HP: 20/80 [poisoned by a killer bee]
  8597 | D:8      | HP: 15/80 [poisoned by a killer bee]
  8602 | D:8      | HP: 11/80 [poisoned by a killer bee]
  8607 | D:8      | HP: 9/80 [poisoned by a killer bee]
  8614 | D:8      | HP: 8/80 [poisoned by a killer bee]
  8621 | D:8      | HP: 7/80 [poisoned by a killer bee]
  8629 | D:8      | HP: 7/80 [poisoned by a killer bee]
  9081 | D:8      | Reached skill level 9 in Dodging
  9189 | D:8      | Got a colourful robe
  9200 | D:8      | Identified the cursed +1 robe "Zoniext" {Str+3} (You found it on level 8 of the Dungeon)
  9469 | D:8      | Noticed Maurice
  9504 | D:8      | Killed Maurice
  9504 | D:8      | Reached skill level 14 in Polearms
  9932 | D:8      | Reached skill level 8 in Fighting
  9934 | D:8      | Reached **** piety under Okawaru
 10353 | D:9      | Reached skill level 7 in Charms
 10465 | D:9      | Reached XP level 11. HP: 86/86 MP: 14/14
 10572 | D:9      | Found a bloodstained altar of Trog.
 10700 | D:9      | Received a gift from Okawaru
 11078 | D:9      | Found a staircase to the Lair.
 11380 | D:9      | Reached skill level 15 in Polearms
 11385 | D:9      | Reached ***** piety under Okawaru
 11608 | D:10     | Entered Level 10 of the Dungeon
 11622 | D:10     | Reached skill level 10 in Dodging
 11640 | D:10     | Got a steaming broad axe
 11740 | D:10     | Reached skill level 1 in Necromancy
 11802 | D:10     | Reached skill level 9 in Fighting
 12406 | D:10     | Reached skill level 8 in Charms
 12819 | Lair:1   | Entered Level 1 of the Lair of Beasts
 13012 | Lair:1   | Found a dark tunnel.
 13027 | Volcano  | Entered a volcano
 13082 | Volcano  | Reached skill level 1 in Hexes
 13160 | Volcano  | Received a gift from Okawaru
 13297 | Volcano  | Noticed a lindwurm
 13310 | Volcano  | Killed a lindwurm
 13310 | Volcano  | Reached skill level 2 in Hexes
 13334 | Volcano  | Found a radiant altar of Vehumet.
 13352 | Volcano  | Found a radiant altar of Vehumet.
 13368 | Volcano  | Identified the +12 broad axe of Wrongful Imprisonment {drain, Int+3} (You found it on level 10 of the Dungeon)
 13437 | Lair:1   | Reached XP level 12. HP: 61/96 MP: 15/15
 13445 | Lair:1   | Reached skill level 11 in Dodging
 13456 | Lair:1   | HP: 24/97 [iguana (9)]
 14260 | Lair:1   | Reached skill level 16 in Polearms
 14732 | Lair:2   | Reached skill level 9 in Charms
 14790 | Lair:2   | Reached skill level 10 in Fighting
 14790 | Lair:2   | Reached skill level 3 in Hexes
 15795 | Lair:3   | Found a white marble altar of Elyvilon.
 15815 | Lair:3   | Noticed Harold
 15829 | Lair:3   | Killed Harold
 15829 | Lair:3   | Reached skill level 4 in Hexes
 16038 | Lair:3   | Found a frozen archway.
 16077 | IceCv    | Entered an ice cave
 16194 | IceCv    | Reached ****** piety under Okawaru
 16194 | IceCv    | Reached skill level 12 in Dodging
 16567 | IceCv    | Noticed a frost giant
 16582 | IceCv    | HP: 21/99 [frost giant/battleaxe of freezing (20)]
 16585 | IceCv    | Killed a frost giant
 16585 | IceCv    | Received a gift from Okawaru
 16585 | IceCv    | Reached skill level 5 in Hexes
 16585 | IceCv    | Reached skill level 10 in Charms
 16585 | IceCv    | Reached XP level 13. HP: 27/105 MP: 5/16
 16587 | IceCv    | HP: 13/105 [wolf (10)]
 16594 | IceCv    | HP: 16/105 [wolf (6)]
 16598 | IceCv    | HP: 2/105 [wolf (8)]
 16598 | IceCv    | Slain by a wolf

Skill      XL: |  1  2  3  4  5  6  7  8  9 10 11 12 |
---------------+-------------------------------------+-----
Dodging        | 2 3 4 5 6 8 9 10 12 | 12.5
Polearms       | 4 5 6 7 8 10 12 14 15 16 | 16.2
Fighting       | 3 4 5 7 8 9 10 | 10.9
Shields        | 1 2 3 4 |  4.2
Charms         | 5 7 8 10 | 10.1
Necromancy     | 1 |  1.4
Hexes          | 2 5 |  5.2
Armour         | |  0.6
Spellcasting   | |  2.0

Action                   |  1- 3 |  4- 6 |  7- 9 | 10-12 | 13-15 || total
-------------------------+-------+-------+-------+-------+-------++-------
Melee: Spear             |   132 |   159 |   425 |       |       ||   716
       Halberd           |       |       |    34 |   992 |     1 ||  1027
       Trident           |       |       |    17 |       |       ||    17
       Quarterstaff      |       |       |    14 |       |       ||    14
 Cast: Infusion          |     9 |    10 |    32 |    30 |       ||    81
       Song of Slaying   |       |     3 |    11 |    12 |       ||    26
       Shroud of Golubri |       |       |     1 |       |       ||     1
       Spectral Weapon   |       |       |       |    19 |       ||    19
       Regeneration      |       |       |       |     9 |     1 ||    10
Invok: Heroism           |       |       |     1 |     1 |       ||     2
Evoke: Wand              |       |       |       |       |     1 ||     1
  Use: Scroll            |     6 |    10 |     5 |     8 |       ||    29
       Potion            |       |     1 |     6 |     3 |     1 ||    11
 Stab: Distracted        |     1 |       |       |     2 |       ||     3
       Sleeping          |     1 |     1 |       |     1 |       ||     3
  Eat: Chunk             |     2 |     4 |     3 |    47 |       ||    56
       Fruit             |       |     2 |       |       |       ||     2
       Meat ration       |       |     1 |     1 |       |       ||     2
       Bread ration      |       |       |     1 |       |       ||     1
       Beef jerky        |       |       |       |     1 |       ||     1
Armor: Leather armour    |    16 |    16 |    36 |   147 |     1 ||   216
Dodge: Dodged            |    56 |    73 |   238 |   907 |    20 ||  1294
Block: Buckler           |       |    30 |   111 |       |       ||   141

Vault maps used:
D:1:      lemuel_arrival_tunnels
D:2:      old_standard_altar
D:3:      overflow_temple_1_default, overflow_temple_1_default
D:4:      old_standard_altar, minmay_temple_entry_mist, first_bread,
          roderic_serpentine_path, bloody_makhleb, uniq_robin, uniq_edmund,
          uniq_pikel
D:5:      kennysheep_mini_moat, nemelex_xobeh_ov_fountains_minmay
D:6:      columned_hall_lemuel, uniq_eustachio, uniq_crazy_yiuf_cottage,
          uniq_menkaure
D:7:      grunt_temple_overflow_open, serial_shops, nicolae_shop_crystal
D:8:      minmay_ornate_pinched, uniq_maurice, uniq_erolcha
D:9:      erik_lair_dragon, grunt_ogre_cave, roderic_digamma_sauvastika,
          trog_butcher_becter
D:10:     minmay_door_square
Temple:   temple_eino_lava_12
Lair:1:   nicolae_volcano_entry_lava_flow, st_stairs_9
Lair:3:   basic_altar, portal_ice_cave_entry_imps, uniq_harold
IceCv:    ice_cave_small_giant
Volcano:  volcano_grotto

Table legend:
 A = Turns spent in this place as a percentage of turns spent in the entire game.
 B = Non-inter-level travel turns spent in this place as a percentage of non-inter-level travel turns spent in the entire game.
 C = Inter-level travel turns spent in this place as a percentage of turns spent in this place.
 D = Turns resting spent in this place as a percentage of non-inter-level travel turns spent in this place.
 E = Turns spent auto-exploring this place as a percentage of non-inter-level travel turns spent in this place.
 F = Non-inter-level travel turns spent in this place divided by the number of levels of this place that you've seen.
                   A       B       C       D       E      F
               +-------+-------+-------+-------+-------+----------------------
         Total | 100.0 | 100.0 |   0.5 |   5.2 |   9.3 | 268.3
       Dungeon |  76.6 |  76.5 |   0.5 |   5.4 |   9.6 | 328.6
        Temple |   0.2 |   0.2 |  10.0 |   0.0 |  88.9 |   9.0
          Lair |  16.2 |  16.2 |   0.3 |   5.2 |   7.6 | 231.7
      Ice Cave |   3.4 |   3.4 |   0.0 |   3.4 |   7.5 | 146.0
       Volcano |   3.6 |   3.7 |   0.0 |   2.5 |   7.0 | 157.0
               +-------+-------+-------+-------+-------+----------------------

Table legend:
 A = Kills in this place as a percentage of kills in entire the game.
 B = Kills by you in this place as a percentage of kills by you in the entire game.
 C = Kills by friends in this place as a percentage of kills by friends in the entire game.
 D = Other kills in this place as a percentage of other kills in the entire game.
 E = Experience gained in this place as a percentage of experience gained in the entire game.
 F = Experience gained in this place divided by the number of levels of this place that you have seen.
                   A       B       C       D       E      F
               +-------+-------+-------+-------+-------+----------------------
         Total | 100.0 | 100.0 |  -nan |  -nan | 100.0 | 2050.7
       Dungeon |  69.2 |  69.2 |  -nan |  -nan |  46.5 | 1525.7
          Lair |  23.4 |  23.4 |  -nan |  -nan |  29.6 | 3233.0
      Ice Cave |   4.6 |   4.6 |  -nan |  -nan |  16.5 | 5427.0
       Volcano |   2.8 |   2.8 |  -nan |  -nan |   7.4 | 2428.0
               +-------+-------+-------+-------+-------+----------------------
